 Dungeon Crawl Stone Soup version 0.29.0-4-gdea44cf6ec (webtiles) character file.

Game seed: 11494283550222880837

8080 qw the Brawler (level 11, -2/107 HPs)
             Began as a Troll Cinder Acolyte on Sept 2, 2022.
             Was a Believer of Ignis.
             Slain by a troll (12 damage)
             ... on level 11 of the Dungeon.
             The game lasted 00:04:12 (7546 turns).

qw the Brawler (Troll Cinder Acolyte)               Turns: 7546, Time: 00:04:13

Health: -2/107     AC: 16    Str: 34    XL:     11   Next: 5%
Magic:  11/11      EV:  9    Int: 10    God:    Ignis [**....]
Gold:   356        SH:  0    Dex:  5    Spells: 12/12 levels left

rFire   + . .      SeeInvis .     - Unarmed
rCold   . . .      Faith    .   (no shield)
rNeg    . . .      Spirit   .   k - +0 swamp dragon scales
rPois   +          Reflect  .   (helmet restricted)
rElec   .          Harm     .   (no cloak)
rCorr   .          Rampage  .   (gloves unavailable)
Will    .....                   (boots unavailable)
Stlth   ..........              (no amulet)
HPRegen 1.07/turn               a - +6 ring of strength
MPRegen 0.12/turn               (no ring)

@: fiery-armoured
A: large, unfitting armour, claws 3, regeneration 1, shaggy fur 1, tough skin 1
a: Renounce Religion, Fiery Armour, Foxfire Swarm, Rising Flame


You were on level 11 of the Dungeon.
You worshipped Ignis.
Ignis was pleased with you.
You visited 1 branch of the dungeon, and saw 11 of its levels.

You collected 583 gold pieces.
You spent 227 gold pieces at shops.


Innate Abilities, Weirdness & Mutations

You are too large for most types of armour.
You have claws for hands.
Your natural rate of healing is unusually fast.
You are covered in fur. (AC +1)
You have tough skin. (AC +1)


   Skills:
 - Level 6.4 Fighting
 - Level 2.0 Throwing
 + Level 2.2 Armour
 - Level 1.4 Dodging
 - Level 15.0 Unarmed Combat
 - Level 1.0 Spellcasting
 - Level 2.1 Fire Magic


You had 12 spell levels left.
You didn't know any spells.
Your spell library contained the following spells:

 Spells                   Type           Power      Damage    Failure   Level
 Scorch                   Fire           8%         2d5       28%         2

Inventory:

Missiles
 j - 14 boomerangs (quivered)
Armour
 k - +0 swamp dragon scales (worn)
 m - a +2 robe of fire resistance
Jewellery
 a - a +6 ring of strength (left claw)
Scrolls
 c - a scroll of enchant weapon
 l - 3 scrolls of identify
Potions
 d - 3 potions of curing
 e - 2 potions of mutation
 h - 2 potions of haste
 i - a potion of might

Dungeon Overview and Level Annotations

Branches:
Dungeon (11/15)            Temple (0/1) D:6             Orc (0/2) D:10
   Lair: D:8-11

Altars:
Ashenzari
Cheibriados
Elyvilon
Makhleb
Nemelex Xobeh
Qazlal
Ru
Trog
Yredelemnul
The Shining One

Shops:
D:8 *   D:10 *


Message History

The troll claws you but does no damage.
The troll is burned by your cloak of flames.
The troll is moderately wounded.
The troll misses you.
7541 ||| Stepping ~*~*~tactically~*~*~ (outnumbered).
The troll bites you but does no damage.
The troll is burned by your cloak of flames.
The troll is moderately wounded.
The troll claws you.
The troll is burned by your cloak of flames.
The troll is heavily wounded.
The troll claws you!
The troll is burned by your cloak of flames.
The troll is heavily wounded.
7542 ||| Stepping ~*~*~tactically~*~*~ (outnumbered).
The komodo dragon attacks as you move away!
The komodo dragon bites you but does no damage.
The komodo dragon is burned by your cloak of flames.
The komodo dragon is lightly wounded.
The troll attacks as you move away! The troll bites you.
The troll is burned by your cloak of flames.
The troll is heavily wounded.
The troll claws you but does no damage.
The troll is burned by your cloak of flames.
The troll is severely wounded.
The troll barely misses you.
7543 ||| DRINKING potion of heal wounds.
You feel much better. The komodo dragon bites you!!
The komodo dragon is burned by your cloak of flames.
The komodo dragon is moderately wounded.
7544 ||| Stepping ~*~*~tactically~*~*~ (outnumbered).
The komodo dragon attacks as you move away!
The komodo dragon closely misses you.
7545 ||| Stepping ~*~*~tactically~*~*~ (outnumbered).
The komodo dragon attacks as you move away!
The komodo dragon bites you!!
7546 ||| Stepping ~*~*~tactically~*~*~ (outnumbered).
The troll attacks as you move away! The troll bites you!
You die...

## ...[ ##### .../.#
##...#####
......##....#...#
#........$..#@..#
#.........>##lT.####
............T........
.....................
.##..................
.....................
........./...........
.....................
..........$..........


You could see a komodo dragon and 2 trolls.

Vanquished Creatures
  A two-headed ogre (D:9)
  Erica (D:9)
  Pikel (D:6)
  Maggie (D:9)
  3 trolls
  Prince Ribbit (D:8)
  Grinder (D:6)
  2 wraiths
  2 wyverns
  6 yaks (D:8)
  Eustachio (D:6)
  4 steam dragons
  Duvessa (D:6)
  2 black bears
  3 ice beasts
  An ogre (D:4)
  2 orc warriors
  A sky beast (D:7)
  2 centaurs
  2 phantoms (D:5)
  4 lemures (D:6)
  A kobold brigand (D:9)
  4 bullfrogs
  3 scorpions
  A gnoll sergeant (D:6)
  6 wights
  Dowan (D:6)
  4 killer bees
  A howler monkey (D:8)
  3 hounds
  6 orc priests
  4 iguanas
  7 orc wizards
  10 gnolls
  4 adders
  3 white imps
  3 worms
  6 dart slugs
  22 orcs
  12 endoplasms
  3 giant cockroaches
  14 goblins
  10 hobgoblins
  6 jackals (D:1)
  13 kobolds
  2 quokkas
  A ball python (D:2)
  5 bats
  2 frilled lizards
  5 rats
  A spectral orc (D:6)
205 creatures vanquished.

Vanquished Creatures (others)
  2 fungi (D:11)
  2 plants (D:11)
4 creatures vanquished.

Grand Total: 209 creatures vanquished

Notes
Turn   | Place    | Note
-------+----------+-------------------------------------------
     0 | D:1      | qw the Troll Cinder Acolyte began the quest for the Orb.
     0 | D:1      | Reached XP level 1. HP: 22/22 MP: 1/1
     0 | D:1      | 0 ||| qw: Version: 0.1-a-97-g2dd2ca4
     0 | D:1      | 0 ||| qw: Game counter: 4913
     0 | D:1      | 0 ||| qw: Always use a shield: true
     0 | D:1      | 0 ||| qw: God list: Okawaru
     0 | D:1      | 0 ||| qw: Allow faded altars: false
     0 | D:1      | 0 ||| qw: Do Orc after D:15 true
     0 | D:1      | 0 ||| qw: Do second Lair branch before Depths: true
     0 | D:1      | 0 ||| qw: Lair rune preference: random
     0 | D:1      | 0 ||| qw: Plans: Normal
     0 | D:1      | 0 ||| PLANNING D:1-11
    48 | D:1      | Reached XP level 2. HP: 26/29 MP: 2/2
    48 | D:1      | 48 ||| Stepping ~*~*~tactically~*~*~ (hiding).
    49 | D:1      | 49 ||| Stepping ~*~*~tactically~*~*~ (hiding).
    52 | D:1      | 52 ||| Stepping ~*~*~tactically~*~*~ (hiding).
    76 | D:1      | 76 ||| Stepping ~*~*~tactically~*~*~ (stealth).
    77 | D:1      | 77 ||| Stepping ~*~*~tactically~*~*~ (stealth).
    79 | D:1      | 79 ||| Stepping ~*~*~tactically~*~*~ (stealth).
   104 | D:1      | 104 ||| Stepping ~*~*~tactically~*~*~ (stealth).
   108 | D:1      | Reached skill level 4 in Unarmed Combat
   205 | D:1      | Reached XP level 3. HP: 36/36 MP: 3/3
   260 | D:1      | 260 ||| Stepping ~*~*~tactically~*~*~ (stealth).
   294 | D:1      | 294 ||| Stepping ~*~*~tactically~*~*~ (stealth).
   296 | D:1      | 296 ||| Stepping ~*~*~tactically~*~*~ (stealth).
   305 | D:1      | 305 ||| Stepping ~*~*~tactically~*~*~ (outnumbered).
   543 | D:2      | 543 ||| Stepping ~*~*~tactically~*~*~ (hiding).
   760 | D:2      | Found a snail-covered altar of Cheibriados.
   855 | D:2      | 855 ||| Stepping ~*~*~tactically~*~*~ (stealth).
  1098 | D:2      | Reached XP level 4. HP: 44/44 MP: 4/4
  1138 | D:2      | 1138 ||| READING scroll labelled HYTERCH DOS DAD.
  1139 | D:2      | 1139 ||| READING scroll labelled UMEIWK LA RIKK.
  1140 | D:2      | 1140 ||| READING scroll labelled WARPHO POASO.
  1200 | D:3      | Reached skill level 5 in Unarmed Combat
  1200 | D:3      | 1200 ||| STAIRDANCE
  1291 | D:3      | 1291 ||| Stepping ~*~*~tactically~*~*~ (stealth).
  1365 | D:3      | 1365 ||| Stepping ~*~*~tactically~*~*~ (stealth).
  1864 | D:3      | 1864 ||| READING scroll labelled QUIVENUPRU.
  1865 | D:3      | 1865 ||| READING scroll labelled OSEUTI SYOCS.
  1866 | D:3      | 1866 ||| DRINKING 3 black potions.
  1867 | D:3      | 1867 ||| DRINKING 2 golden potions.
  2000 | D:4      | 2000 ||| FLEEEEING.
  2001 | D:4      | 2001 ||| FLEEEEING.
  2002 | D:4      | 2002 ||| INVOKING Fiery Armour.
  2003 | D:4      | 2003 ||| Stepping ~*~*~tactically~*~*~ (hiding).
  2007 | D:4      | 2007 ||| Stepping ~*~*~tactically~*~*~ (outnumbered).
  2008 | D:4      | 2008 ||| Stepping ~*~*~tactically~*~*~ (outnumbered).
  2009 | D:4      | 2009 ||| Stepping ~*~*~tactically~*~*~ (outnumbered).
  2010 | D:4      | 2010 ||| Stepping ~*~*~tactically~*~*~ (outnumbered).
  2018 | D:4      | 2018 ||| Stepping ~*~*~tactically~*~*~ (outnumbered).
  2021 | D:4      | Reached XP level 5. HP: 36/50 MP: 5/5
  2192 | D:4      | You fall into a shaft and drop 1 floor!
  2192 | D:5      | Entered Level 5 of the Dungeon
  2199 | D:5      | Noticed a phantom
  2206 | D:5      | Killed a phantom
  2207 | D:5      | Reached skill level 6 in Unarmed Combat
  2235 | D:5      | 2235 ||| READING 2 scrolls of identify.
  2235 | D:5      | 2235 ||| IDENTIFYING pink potion
  2236 | D:5      | 2236 ||| DROPPING potion of ambrosia.
  2249 | D:5      | Reached XP level 6. HP: 51/59 MP: 6/6
  2249 | D:5      | 2249 ||| STAIRDANCE
  2391 | D:4      | 2391 ||| INVOKING Fiery Armour.
  2394 | D:4      | Reached skill level 7 in Unarmed Combat
  2840 | D:4      | 2840 ||| READING scroll labelled BOLUTE XATOO.
  2841 | D:4      | 2841 ||| READING scroll labelled AFUMIMPUPT.
  2842 | D:4      | 2842 ||| READING 2 scrolls of identify.
  2842 | D:4      | 2842 ||| IDENTIFYING bubbling inky potion
  2960 | D:5      | Reached skill level 8 in Unarmed Combat
  2970 | D:5      | 2970 ||| INVOKING Fiery Armour.
  2975 | D:5      | Reached XP level 7. HP: 48/66 MP: 7/7
  2978 | D:5      | Reached skill level 3 in Fighting
  3030 | D:5      | 3030 ||| Stepping ~*~*~tactically~*~*~ (outnumbered).
  3031 | D:5      | 3031 ||| Stepping ~*~*~tactically~*~*~ (outnumbered).
  3032 | D:5      | 3032 ||| Stepping ~*~*~tactically~*~*~ (outnumbered).
  3156 | D:5      | 3156 ||| Stepping ~*~*~tactically~*~*~ (stealth).
  3327 | D:5      | Found a bloodstained altar of Trog.
  3327 | D:5      | Found a white marble altar of Elyvilon.
  3574 | D:5      | 3574 ||| FLEEEEING.
  3650 | D:5      | Reached skill level 9 in Unarmed Combat
  3669 | D:5      | 3669 ||| DROPPING ring of magical power.
  3670 | D:5      | 3670 ||| DRINKING 2 grey potions.
  3696 | D:5      | 3696 ||| READING 2 scrolls of identify.
  3696 | D:5      | 3696 ||| IDENTIFYING murky cyan potion
  3697 | D:5      | 3697 ||| DROPPING potion of attraction.
  3698 | D:5      | 3698 ||| DROPPING potion of lignification.
  3725 | D:6      | 3725 ||| Stepping ~*~*~tactically~*~*~ (hiding).
  3726 | D:6      | 3726 ||| STAIRDANCE
  3733 | D:5      | 3733 ||| INVOKING Fiery Armour.
  3734 | D:5      | Reached skill level 1 in Throwing
  3786 | D:6      | 3786 ||| STAIRDANCE
  3787 | D:6      | Reached skill level 1 in Dodging
  3790 | D:5      | Reached XP level 8. HP: 39/75 MP: 8/8
  3847 | D:6      | Found a staircase to the Ecumenical Temple.
  3853 | D:6      | Reached skill level 10 in Unarmed Combat
  3869 | D:6      | Identified the +9 whip of Day {freeze, Drain rElec rCorr}
  3881 | D:6      | 3881 ||| Stepping ~*~*~tactically~*~*~ (stealth).
  3885 | D:6      | 3885 ||| Stepping ~*~*~tactically~*~*~ (hiding).
  3958 | D:6      | Noticed Pikel
  3961 | D:6      | 3961 ||| INVOKING Fiery Armour.
  3963 | D:6      | 3963 ||| Stepping ~*~*~tactically~*~*~ (outnumbered).
  3964 | D:6      | 3964 ||| Stepping ~*~*~tactically~*~*~ (outnumbered).
  3965 | D:6      | 3965 ||| Stepping ~*~*~tactically~*~*~ (outnumbered).
  3969 | D:6      | 3969 ||| Stepping ~*~*~tactically~*~*~ (outnumbered).
  3970 | D:6      | 3970 ||| Stepping ~*~*~tactically~*~*~ (outnumbered).
  3971 | D:6      | 3971 ||| Stepping ~*~*~tactically~*~*~ (outnumbered).
  3972 | D:6      | 3972 ||| Stepping ~*~*~tactically~*~*~ (outnumbered).
  3997 | D:6      | Killed Pikel
  4019 | D:6      | Noticed Duvessa
  4024 | D:6      | Noticed Dowan
  4027 | D:6      | Killed Duvessa
  4028 | D:6      | Reached XP level 9. HP: 88/88 MP: 9/9
  4031 | D:6      | Killed Dowan
  4063 | D:6      | Noticed Grinder
  4064 | D:6      | 4064 ||| Stepping ~*~*~tactically~*~*~ (hiding).
  4065 | D:6      | 4065 ||| Stepping ~*~*~tactically~*~*~ (hiding).
  4073 | D:6      | Killed Grinder
  4158 | D:6      | Noticed Eustachio
  4168 | D:6      | 4168 ||| Stepping ~*~*~tactically~*~*~ (outnumbered).
  4169 | D:6      | 4169 ||| Stepping ~*~*~tactically~*~*~ (outnumbered).
  4170 | D:6      | 4170 ||| Stepping ~*~*~tactically~*~*~ (outnumbered).
  4171 | D:6      | 4171 ||| Stepping ~*~*~tactically~*~*~ (outnumbered).
  4172 | D:6      | 4172 ||| Stepping ~*~*~tactically~*~*~ (outnumbered).
  4173 | D:6      | 4173 ||| Stepping ~*~*~tactically~*~*~ (outnumbered).
  4174 | D:6      | 4174 ||| Stepping ~*~*~tactically~*~*~ (outnumbered).
  4175 | D:6      | 4175 ||| Stepping ~*~*~tactically~*~*~ (outnumbered).
  4176 | D:6      | 4176 ||| Stepping ~*~*~tactically~*~*~ (outnumbered).
  4188 | D:6      | Killed Eustachio
  4189 | D:6      | Reached skill level 11 in Unarmed Combat
  4205 | D:6      | Found a basalt altar of Yredelemnul.
  4223 | D:6      | 4223 ||| FLEEEEING.
  4224 | D:6      | 4224 ||| FLEEEEING.
  4225 | D:6      | 4225 ||| FLEEEEING.
  4226 | D:6      | 4226 ||| FLEEEEING.
  4227 | D:6      | 4227 ||| FLEEEEING.
  4228 | D:6      | 4228 ||| FLEEEEING.
  4229 | D:6      | 4229 ||| FLEEEEING.
  4230 | D:6      | 4230 ||| FLEEEEING.
  4437 | D:6      | 4437 ||| UPGRADING to +2 robe of fire resistance.
  4447 | D:6      | 4447 ||| DROPPING +0 robe.
  4448 | D:6      | 4448 ||| READING scroll labelled GAKHECAAHAI.
  4449 | D:6      | 4449 ||| READING 3 scrolls of identify.
  4449 | D:6      | 4449 ||| IDENTIFYING fuming puce potion
  4450 | D:6      | 4450 ||| READING 2 scrolls of identify.
  4450 | D:6      | 4450 ||| IDENTIFYING clear potion
  4451 | D:6      | 4451 ||| DROPPING potion of degeneration.
  4452 | D:6      | 4452 ||| DROPPING potion of brilliance.
  4489 | D:7      | 4489 ||| INVOKING Fiery Armour.
  4599 | D:7      | 4599 ||| Stepping ~*~*~tactically~*~*~ (stealth).
  4606 | D:7      | Reached skill level 12 in Unarmed Combat
  4608 | D:7      | 4608 ||| Stepping ~*~*~tactically~*~*~ (stealth).
  4609 | D:7      | 4609 ||| Stepping ~*~*~tactically~*~*~ (stealth).
  4720 | D:7      | Found a broken altar of Ashenzari.
  4742 | D:7      | Identified the +7 falchion "Liehogre" {drain, rN+ Str+4
                  | Dex-5}
  5055 | D:7      | 5055 ||| UPGRADING to +6 ring of strength.
  5056 | D:7      | 5056 ||| READING scroll labelled ITTYUTZ KECYAB.
  5057 | D:7      | 5057 ||| READING 2 scrolls of identify.
  5057 | D:7      | 5057 ||| IDENTIFYING metallic coppery potion
  5058 | D:7      | 5058 ||| DROPPING potion of flight.
  5088 | D:8      | Found Anagy's General Store.
  5088 | D:8      | Found Cuorack's Specific Store.
  5095 | D:8      | 5095 ||| BUYING potion of haste (130 gold).
  5095 | D:8      | Bought a potion of haste for 130 gold pieces
  5095 | D:8      | 5095 ||| BUYING scroll of identify (26 gold).
  5095 | D:8      | Bought a scroll of identify for 26 gold pieces
  5095 | D:8      | 5095 ||| BUYING scroll of identify (26 gold).
  5095 | D:8      | Bought a scroll of identify for 26 gold pieces
  5099 | D:8      | 5099 ||| BUYING potion of curing (45 gold).
  5099 | D:8      | Bought a potion of curing for 45 gold pieces
  5112 | D:8      | 5112 ||| Stepping ~*~*~tactically~*~*~ (hiding).
  5113 | D:8      | 5113 ||| Stepping ~*~*~tactically~*~*~ (hiding).
  5114 | D:8      | 5114 ||| Stepping ~*~*~tactically~*~*~ (hiding).
  5144 | D:8      | 5144 ||| FLEEEEING.
  5145 | D:8      | 5145 ||| FLEEEEING.
  5146 | D:8      | 5146 ||| FLEEEEING.
  5147 | D:8      | 5147 ||| FLEEEEING.
  5148 | D:8      | 5148 ||| FLEEEEING.
  5149 | D:8      | 5149 ||| FLEEEEING.
  5151 | D:8      | 5151 ||| Stepping ~*~*~tactically~*~*~ (hiding).
  5152 | D:8      | 5152 ||| Stepping ~*~*~tactically~*~*~ (hiding).
  5445 | D:8      | Found a burning altar of Makhleb.
  5462 | D:8      | 5462 ||| Stepping ~*~*~tactically~*~*~ (stealth).
  5469 | D:8      | Reached skill level 13 in Unarmed Combat
  5472 | D:8      | 5472 ||| Stepping ~*~*~tactically~*~*~ (stealth).
  5477 | D:8      | Reached XP level 10. HP: 86/96 MP: 10/10
  5543 | D:8      | Noticed Prince Ribbit
  5546 | D:8      | Found a stormy altar of Qazlal.
  5556 | D:8      | Killed Prince Ribbit
  5681 | D:8      | Found a sacrificial altar of Ru.
  5862 | D:8      | 5862 ||| READING scroll labelled KYIQUU ZAPHES.
  5865 | D:8      | 5865 ||| READING 5 scrolls of identify.
  5865 | D:8      | 5865 ||| IDENTIFYING orange potion
  5866 | D:8      | 5866 ||| READING 4 scrolls of identify.
  5866 | D:8      | 5866 ||| IDENTIFYING emerald potion
  5867 | D:8      | 5867 ||| DROPPING potion of berserk rage.
  5887 | D:9      | Reached skill level 14 in Unarmed Combat
  5887 | D:9      | 5887 ||| STAIRDANCE
  5999 | D:9      | 5999 ||| Stepping ~*~*~tactically~*~*~ (stealth).
  6003 | D:9      | 6003 ||| Stepping ~*~*~tactically~*~*~ (hiding).
  6010 | D:9      | 6010 ||| FLEEEEING.
  6013 | D:9      | 6013 ||| STAIRDANCE
  6028 | D:9      | Noticed Erica
  6029 | D:9      | 6029 ||| INVOKING Fiery Armour.
  6032 | D:9      | Killed Erica
  6033 | D:9      | Reached skill level 6 in Fighting
  6121 | D:9      | 6121 ||| Stepping ~*~*~tactically~*~*~ (outnumbered).
  6234 | D:9      | Noticed Maggie
  6239 | D:9      | Killed Maggie
  6449 | D:9      | Noticed a two-headed ogre
  6457 | D:9      | Killed a two-headed ogre
  6619 | D:9      | 6619 ||| DROPPING +0 steam dragon scales.
  6620 | D:9      | 6620 ||| DROPPING +1 robe of cold resistance.
  6621 | D:9      | 6621 ||| UPGRADING to +0 swamp dragon scales.
  6631 | D:9      | 6631 ||| READING scroll labelled CYXOTUL QOECI.
  6632 | D:9      | 6632 ||| READING 3 scrolls of identify.
  6632 | D:9      | 6632 ||| IDENTIFYING murky silvery potion
  6633 | D:9      | 6633 ||| DROPPING potion of invisibility.
  6658 | D:10     | Entered Level 10 of the Dungeon
  6706 | D:10     | Reached skill level 1 in Armour
  6739 | D:10     | Found a flagged portal.
  6740 | D:10     | 6740 ||| Stepping ~*~*~tactically~*~*~ (stealth).
  6782 | D:10     | 6782 ||| FLEEEEING.
  6783 | D:10     | 6783 ||| FLEEEEING.
  6784 | D:10     | 6784 ||| Stepping ~*~*~tactically~*~*~ (hiding).
  6785 | D:10     | 6785 ||| Stepping ~*~*~tactically~*~*~ (hiding).
  6786 | D:10     | 6786 ||| Stepping ~*~*~tactically~*~*~ (hiding).
  6787 | D:10     | 6787 ||| Stepping ~*~*~tactically~*~*~ (outnumbered).
  6792 | D:10     | 6792 ||| Stepping ~*~*~tactically~*~*~ (outnumbered).
  6846 | D:10     | Found a glowing golden altar of the Shining One.
  6952 | D:10     | 6952 ||| Stepping ~*~*~tactically~*~*~ (stealth).
  6974 | D:10     | Found Rorhac's Mayhem Merchandise.
  7042 | D:10     | Found a sparkling altar of Nemelex Xobeh.
  7177 | D:10     | Found a staircase to the Orcish Mines.
  7335 | D:10     | Reached skill level 15 in Unarmed Combat
  7335 | D:10     | Reached XP level 11. HP: 107/107 MP: 11/11
  7448 | D:10     | Identified the +1 leather armour of Biuboaq {Str+4 Dex+2}
  7519 | D:11     | Noticed a boulder beetle
  7520 | D:11     | 7520 ||| INVOKING Fiery Armour.
  7521 | D:11     | Noticed a centaur warrior
  7530 | D:11     | HP: 26/107 [centaur warrior/arrow (11)]
  7531 | D:11     | 7531 ||| READING scroll of teleportation.
  7532 | D:11     | 7532 ||| DRINKING 4 potions of heal wounds.
  7533 | D:11     | 7533 ||| DRINKING 3 potions of heal wounds.
  7533 | D:11     | Noticed a two-headed ogre
  7535 | D:11     | 7535 ||| Stepping ~*~*~tactically~*~*~ (outnumbered).
  7535 | D:11     | HP: 26/107 [komodo dragon (18)]
  7537 | D:11     | 7537 ||| Stepping ~*~*~tactically~*~*~ (outnumbered).
  7538 | D:11     | 7538 ||| Stepping ~*~*~tactically~*~*~ (outnumbered).
  7539 | D:11     | 7539 ||| Stepping ~*~*~tactically~*~*~ (outnumbered).
  7539 | D:11     | HP: 10/107 [komodo dragon (19)]
  7540 | D:11     | 7540 ||| DRINKING 2 potions of heal wounds.
  7541 | D:11     | 7541 ||| Stepping ~*~*~tactically~*~*~ (outnumbered).
  7542 | D:11     | 7542 ||| Stepping ~*~*~tactically~*~*~ (outnumbered).
  7543 | D:11     | 7543 ||| DRINKING potion of heal wounds.
  7544 | D:11     | 7544 ||| Stepping ~*~*~tactically~*~*~ (outnumbered).
  7545 | D:11     | 7545 ||| Stepping ~*~*~tactically~*~*~ (outnumbered).
  7545 | D:11     | HP: 9/107 [komodo dragon (18)]
  7546 | D:11     | 7546 ||| Stepping ~*~*~tactically~*~*~ (outnumbered).
  7546 | D:11     | Slain by a troll

Levels and vault maps discovered:
D:1:      dpeg_arrival_water_temple_mockup, layout_rooms, minmay_misc_feat_room
D:2:      layout_basic, basic_altar
D:3:      layout_basic
D:4:      layout_basic
D:5:      layout_loops_ring, gammafunk_temple_overflow_elements
D:6:      layout_cave_pools, yredelemnul_forgotten_temple_becter,
          minmay_temple_entry_stoned_glass, uniq_eustachio, uniq_duvessa,
          uniq_pikel, uniq_grinder
D:7:      layout_rooms, amcnicky_altar_gilded, chequers_serial_rivers_room_b,
          nicolae_sextant
D:8:      layout_loops_cross, lightli_temple_of_fire,
          mainiacjoe_overflow_tiny_flanked, nicolae_qazlal_general_emergency,
          nicolae_specific_store, kennysheep_another_room, uniq_prince_ribbit1
D:9:      layout_roguey, amcnicky_mini_corridor_feature, uniq_erica, uniq_maggie
D:10:     layout_gridville, nemelex_spade_bored_becter, tso_metal_star,
          orc_0_dummy, enter_bailey_5, minmay_statues_item, minmay_shop_mayhem
D:11:     layout_cross, grunt_lair_entry_orc_guard_hut, minmay_misc_feat_doors,
          doesnt_xom_only_xom

Skill      XL: |  1  2  3  4  5  6  7  8  9 10 11 |
---------------+----------------------------------+-----
Unarmed Combat | 4 5 6 8 9 10 13 15 | 15.0
Fighting       | 3 5 6 |  6.4
Throwing       | 1 2 |  2.0
Dodging        | 1 |  1.4
Armour         | 2 |  2.2
Spellcasting   | |  1.0
Fire Magic     | |  2.1

Action                   |  1- 3 |  4- 6 |  7- 9 | 10-12 || total
-------------------------+-------+-------+-------+-------++-------
Melee: Unarmed           |    99 |   104 |   216 |   116 ||   535
       Punch             |     1 |     3 |    12 |     6 ||    22
Throw: Boomerang         |       |       |    53 |    31 ||    84
Invok: Fiery Armour      |       |     3 |     3 |     2 ||     8
  Use: Scroll            |       |     9 |     6 |     6 ||    21
       Potion            |       |     2 |     1 |     4 ||     7
Armor: Robe              |    18 |    12 |    73 |    10 ||   113
       Swamp dragon scal |       |       |       |    48 ||    48
Dodge: Dodged            |    32 |    33 |    70 |    68 ||   203

Table legend:
 A = Non-vault XP
 B = Vault XP
 C = Vault XP percentage of total XP
 D = Non-vault monster count
 E = Vault monster count
 F = Vault count percentage of total count
                 A         B        C        D         E       F
            +---------+---------+-------+---------+---------+-------
      Total |    8780 |    2763 |  23.9 |     188 |      13 |   6.5
            +---------+---------+-------+---------+---------+-------
        D:1 |      64 |       0 |   0.0 |      32 |       0 |   0.0
        D:2 |      34 |       0 |   0.0 |      15 |       0 |   0.0
        D:3 |      36 |       0 |   0.0 |      19 |       0 |   0.0
        D:4 |     251 |       0 |   0.0 |      15 |       0 |   0.0
        D:5 |     959 |       0 |   0.0 |      26 |       0 |   0.0
        D:6 |     874 |    1265 |  59.1 |      18 |       6 |  25.0
        D:7 |    1320 |       0 |   0.0 |      12 |       0 |   0.0
        D:8 |    1937 |     277 |  12.5 |      18 |       1 |   5.3
        D:9 |    1500 |    1215 |  44.8 |      21 |       2 |   8.7
       D:10 |    1420 |       6 |   0.4 |      10 |       4 |  28.6
       D:11 |     385 |       0 |   0.0 |       2 |       0 |   0.0
            +---------+---------+-------+---------+---------+-------
